 Dungeon Crawl Stone Soup version 0.30-a0-867-g305f33218d (webtiles) character file.

Game seed: 15045308687729533684

58 Grim the Shooter (level 3, 0/20 HPs)
             Began as a Deep Elf Hexslinger on Mar 10, 2023.
             Succumbed to an adder's poison
             ... on level 2 of the Dungeon.
             The game lasted 00:03:19 (1387 turns).

Grim the Shooter (Deep Elf Hexslinger)              Turns: 1387, Time: 00:03:20

Health: 0/20       AC:  2    Str:  6    XL:     3   Next: 75%
Magic:  7/7        EV: 13    Int: 16    God:
Gold:   79         SH:  0    Dex: 21    Spells: 4/5 levels left

rFire   . . .      SeeInvis .    b - +0 short sword
rCold   + . .      Faith    .    (no shield)
rNeg    . . .      Spirit   .    c - +0 robe
rPois   .          Reflect  .    (no helmet)
rElec   .          Rampage  .    j - scarf {shadows}
rCorr   .                        (no gloves)
Will    .....                    (no boots)
Stlth   ++                       (no amulet)
HPRegen 0.23/turn                (no ring)
MPRegen 0.10/turn                (no ring)

@: lethally poisoned (0 -> -2)
A: agile 1, cold resistance 1
a: no special abilities


You were on level 2 of the Dungeon.
You visited 1 branch of the dungeon, and saw 2 of its levels.

You collected 79 gold pieces.

Inventory:

Hand Weapons
 a - a +1 sling
 b - a +0 short sword (weapon)
Armour
 c - a +0 robe (worn)
 j - a scarf of shadows (worn)
Jewellery
 e - a ring of willpower
 f - a ring of see invisible
Scrolls
 d - 2 scrolls of identify {unknown}
 h - a scroll of fear {unknown}
 i - a scroll of poison


   Skills:
 - Level 0.7 Fighting
 * Level 4.9 Ranged Weapons
 - Level 2.4 Dodging
 - Level 1.5 Spellcasting
 + Level 4.7 Hexes


You had 4 spell levels left.
You knew the following spells:

 Your Spells              Type           Power      Damage    Failure   Level
a - Slow                  Hex            64%        N/A       3%          1

Your spell library contained the following spells:

 Spells                   Type           Power      Damage    Failure   Level
 Inner Flame              Hex/Fire       8%         N/A       26%         3
 Portal Projectile        Hex/Tloc       16%        N/A       26%         3
 Cause Fear               Hex            8%         N/A       30%         4


Dungeon Overview and Level Annotations

Branches:
Dungeon (2/15)

Altars:
Hepliaklqana

Shops:
D:2 ?


Innate Abilities, Weirdness & Mutations

You are agile. (Dex +4, Str/Int -1)
Your flesh is cold resistant. (rC+)


Message History

The adder bites you.
* * * LOW HITPOINT WARNING * * *
You hit the adder.
The adder is heavily wounded.
The adder closely misses you.
You hit the adder.
The adder is almost dead.
The adder bites you.
* * * LOW HITPOINT WARNING * * *
The adder misses you.
You barely miss the adder.
The adder is almost dead.
The adder barely misses you.
You miss the adder.
The adder is almost dead.
The adder closely misses you.
You miss the adder.
The adder is almost dead.
The adder closely misses you. The adder bites you.
* * * LOW HITPOINT WARNING * * *
You are lethally poisoned!
The adder poisons you!
You closely miss the adder.
The adder is almost dead.
* * * LOW HITPOINT WARNING * * *
You feel sick. The adder bites you but does no damage.
You hit the adder.
The adder is almost dead.
* * * LOW HITPOINT WARNING * * *
You feel sick. The adder misses you.
You hit the adder.
You kill the adder!
* * * LOW HITPOINT WARNING * * *
You feel sick.
It was a potion of mutation.
You feel extremely strange.
You feel agile.
You feel resistant to cold.
* * * LOW HITPOINT WARNING * * *
You feel sick. The quokka barely misses you. The quokka closely misses you.
You barely miss the quokka. Your punch misses the quokka.
You die...

#...##.######
#.!.#.......#
#####...#.†####.### #
#............##...##.#
...........#...##....#
.##+##.†...###|....#.##
#..#### ##..#.... #..#
#.###.#. #..# #.@#)#
#.## #..#r# ...
....###)# #### ##..$ ##
#.## #. #


You could see a quokka.

Vanquished Creatures
  2 adders (D:2)
  A dart slug (D:2)
  4 bats
  2 endoplasms (D:1)
  4 giant cockroaches
  2 goblins (D:1)
  A hobgoblin (D:1)
  5 jackals
  5 ball pythons (D:1)
  7 kobolds
  A rat (D:1)
34 creatures vanquished.

Notes
Turn   | Place    | Note
-------+----------+-------------------------------------------
     0 | D:1      | Grim the Deep Elf Hexslinger began the quest for the Orb.
     0 | D:1      | Reached XP level 1. HP: 11/11 MP: 5/5
     7 | D:1      | Noticed a demonspawn zombie
    18 | D:1      | Noticed a demonspawn zombie
   296 | D:1      | Reached XP level 2. HP: 16/16 MP: 3/6
   768 | D:1      | Found a faded altar of an unknown god.
   949 | D:2      | Reached XP level 3. HP: 20/20 MP: 7/7
  1155 | D:2      | Found Paof's Magic Scroll Boutique.
  1183 | D:2      | Found a hazy altar of Hepliaklqana.
  1386 | D:2      | Gained mutation: You are agile. (Dex +4, Str/Int -1)
                  | [potion of mutation]
  1386 | D:2      | Gained mutation: Your flesh is cold resistant. (rC+)
                  | [potion of mutation]
  1386 | D:2      | HP: 1/20 [poisoned by an adder]
  1387 | D:2      | Succumbed to an adder's poison

Illustrated notes

Levels and vault maps discovered:
D:1:      shiori_arrival_whats_in_store_for_you, layout_loops_ring,
          hellmonk_ecumenical_altar_inner_sanctum
D:2:      layout_loops_ring, serial_shops, nicolae_shop_behind_doors,
          basic_altar, minmay_misc_feat_chi, minmay_misc_feat_room,
          minmay_pentomino_x4

Skill      XL: |  1  2 |
---------------+-------+-----
Ranged Weapons | 3 4 |  4.9
Fighting       | |  0.7
Dodging        | |  2.4
Spellcasting   | |  1.5
Hexes          | |  4.7

Action                     || total
---------------------------++-------
  Melee: Short sword       ||    10
   Fire: Sling             ||    84
   Cast: Slow              ||    16
    Use: Potion            ||     1
 Armour: Robe              ||    13
  Dodge: Dodged            ||    44

Table legend: (Time is in decaauts)
 A = Elapsed time spent in this place.
 B = Non-inter-level travel time spent in this place.
 C = Inter-level travel time spent in this place.
 D = Time resting spent in this place.
 E = Time spent auto-exploring this place.
 F = Levels seen in this place.
 G = Mean time per level.
                   A        B        C        D        E       F      G
               +--------+--------+--------+--------+--------+-----+--------+
         Total |   1401 |   1395 |      6 |    269 |    893 |   2 |  700.5 |
       Dungeon |   1401 |   1395 |      6 |    269 |    893 |   2 |  700.5 |
               +--------+--------+--------+--------+--------+-----+--------+

Top non-repeatable levels by time:
     D:1: 938 daAuts
     D:2: 463 daAuts
